 Dungeon Crawl Stone Soup version 0.24.0-123-gd5b16e6ec5 (webtiles) character file.

Game seed: 17616458600155645895, levelgen mode: deterministic

261 FishyPogo the Skirmisher (level 5, -5/63 HPs)
             Began as a Demonspawn Berserker on Jan 25, 2020.
             Was a Priest of Trog.
             Slain by a bullfrog (7 damage)
             ... in a sewer.
             The game lasted 00:07:39 (2541 turns).

FishyPogo the Skirmisher (Demonspawn Berserker)     Turns: 2541, Time: 00:07:40

Health: -5/63      AC:  4    Str: 24    XL:     5   Next: 96%
Magic:  0/5        EV: 12    Int:  8    God:    Trog [***...]
Gold:   73         SH:  6    Dex: 12    Spells: 4/4 levels left

rFire    . . .     SeeInvis .     - Unarmed
rCold    . . .     Gourm    .   (no shield)
rNeg     . . .     Faith    .   a - +0 animal skin
rPois    .         Spirit   +   p - +0 helmet
rElec    .         Reflect  +   f - +0 cloak
rCorr    .         Harm     .   (no gloves)
MR       .....                  (no boots)
Stlth    ..........             l - +6 amulet of reflection
HPRegen  0.20/turn              (no ring)
MPRegen  0.09/turn              (no ring)

@: berserking (expiring), lethally poisoned (-5 -> -9), very quick
A: nightstalker 1, magic shield
a: Berserk, Trog's Hand, Renounce Religion


You were in a sewer.
You worshipped Trog.
Trog was most pleased with you.
You were very hungry.

You visited 1 branch of the dungeon, and saw 3 of its levels.
You also visited: Sewer.

You collected 73 gold pieces.

Inventory:

Missiles
 c - 102 stones (quivered)
 m - 2 boomerangs
Armour
 a - a +0 animal skin (worn)
 e - a +0 shield
 f - a +0 cloak (worn)
 p - a +0 helmet (worn)
Jewellery
 l - a +6 amulet of reflection (around neck)
Scrolls
 d - 2 scrolls of enchant armour {unknown}
 g - 4 scrolls of fog {unknown}
 h - 2 scrolls of identify {unknown}
 k - 4 scrolls of remove curse
 q - a scroll of immolation
 r - a scroll of magic mapping {unknown}
 s - a scroll of fear {unknown}
Potions
 i - 2 potions of might {unknown}
 j - 3 potions of magic {unknown}
Comestibles
 b - 8 rations
 n - 5 chunks of flesh


   Skills:
 + Level 3.9 Fighting
 + Level 2.1 Throwing
 + Level 3.0 Armour
 - Level 2.0 Dodging
 + Level 2.0 Shields
 + Level 3.5 Unarmed Combat


You had 4 spell levels left.
You didn't know any spells.
Your spell library was empty.

Dungeon Overview and Level Annotations

Branches:
Dungeon (3/15)              Sewer (1/1)

Altars:
Nemelex Xobeh
Qazlal
Vehumet


Innate Abilities, Weirdness & Mutations

You are slightly more attuned to the shadows.
When hurt, damage is shared between your health and your magic reserves.


Message History

You kill the adder!
Trog accepts your kill. The bullfrog hits you.
* * * LOW HITPOINT WARNING * * *
You block the bullfrog's attack.
You closely miss the bullfrog.
You feel sick. You block the bullfrog's attack. The bullfrog hits you.
* * * LOW HITPOINT WARNING * * *
Okay, then.
You punch the bullfrog!
The bullfrog is moderately wounded.
The bullfrog hits you!
* * * LOW HITPOINT WARNING * * *
The bullfrog closely misses you.
Unknown command.
You punch the bullfrog!
The bullfrog is almost dead.
* * * LOW HITPOINT WARNING * * *
You feel sick. The bullfrog hits you!
You die...

####################
.F≈≈≈≈≈≈≈≈≈≈≈≈≈≈≈#.###
.≈≈≈≈≈#≈@.≈#≈≈≈≈≈≈...##
.≈≈≈≈≈≈≈FF#≈≈≈≈≈≈≈....#
.≈≈≈≈≈≈≈≈≈≈≈≈≈≈≈≈≈....#
.≈≈≈≈≈≈≈≈≈≈≈≈≈≈≈≈≈....##
.#≈≈≈≈≈≈≈≈≈≈≈≈≈≈≈#.....#
##################..÷.#
####...## #..#....#
#..'....#


You could see 2 bullfrogs.

Vanquished Creatures
  Crazy Yiuf (D:2)
  Robin (D:3)
  3 river rats (Sewer)
  10 adders
  2 oozes
  A worm (D:3)
  A leopard gecko (D:1)
  4 giant cockroaches
  11 goblins
  7 hobgoblins
  3 jackals (D:1)
  9 kobolds
  10 ball pythons
  4 bats
  4 frilled lizards
  34 rats
105 creatures vanquished.

Notes
Turn   | Place    | Note
-------+----------+-------------------------------------------
     0 | D:1      | FishyPogo the Demonspawn Berserker began the quest for the
                  | Orb.
     0 | D:1      | Reached XP level 1. HP: 18/18 MP: 1/1
   254 | D:1      | Gained mutation: You are slightly more attuned to the
                  | shadows. [demonic ancestry]
   254 | D:1      | Reached XP level 2. HP: 17/24 MP: 2/2
  1215 | D:2      | Reached XP level 3. HP: 29/29 MP: 3/3
  1270 | D:2      | Found a runed translucent door.
  1271 | D:2      | Noticed Crazy Yiuf
  1279 | D:2      | Killed Crazy Yiuf
  1279 | D:2      | Reached skill level 1 in Throwing
  1279 | D:2      | Reached skill level 1 in Shields
  1339 | D:2      | Reached ** piety under Trog
  1373 | D:2      | Reached XP level 4. HP: 22/35 MP: 4/4
  1593 | D:2      | Found a stormy altar of Qazlal.
  1598 | D:2      | Found a radiant altar of Vehumet.
  1598 | D:2      | Found a sparkling altar of Nemelex Xobeh.
  1704 | D:3      | Noticed Robin
  1724 | D:3      | Killed Robin
  1792 | D:3      | Found a glowing drain.
  1838 | Sewer    | Entered a sewer
  2094 | Sewer    | Gained mutation: When hurt, damage is shared between your
                  | health and your magic reserves. [demonic ancestry]
  2094 | Sewer    | Reached XP level 5. HP: 41/41 MP: 5/5
  2163 | Sewer    | Reached *** piety under Trog
  2540 | Sewer    | HP: 3/63 [bullfrog (5)]
  2541 | Sewer    | Slain by a bullfrog

Levels and vault maps discovered:
D:1:      kilobyte_arrival_exit_the_forest, layout_loops_ring
D:2:      layout_rooms, gammafunk_temple_overflow_forgotten,
          uniq_crazy_yiuf_cottage
D:3:      kennysheep_the_goblin_king, layout_basic, portal_sewer_entry_a,
          uniq_robin
Sewer:    sewer_minmay_w

Skill      XL: |  1  2  3  4  5 |
---------------+----------------+-----
Armour         | 2 3 |  3.0
Dodging        | 2 |  2.0
Throwing       | 1 2 |  2.1
Shields        | 1 2 |  2.0
Unarmed Combat | 3 |  3.5
Fighting       | |  3.9

Action                   |  1- 3 |  4- 6 || total
-------------------------+-------+-------++-------
Melee: Unarmed           |    97 |   232 ||   329
       Punch             |     1 |     2 ||     3
Throw: Stone             |     2 |     2 ||     4
Invok: Berserk           |     2 |     6 ||     8
       Trog's Hand       |       |     1 ||     1
  Use: Scroll            |       |     3 ||     3
       Potion            |       |     3 ||     3
 Stab: Sleeping          |     4 |     3 ||     7
  Eat: Chunk             |     3 |     9 ||    12
Armor: Animal skin       |    14 |    52 ||    66
Dodge: Dodged            |    63 |   160 ||   223
Block: Other             |     3 |    74 ||    77
       Reflection        |       |     1 ||     1
